 Dungeon Crawl Stone Soup version 0.30-a0-782-ge64f9170bb (webtiles) character file.

Game seed: 12332758448746529625

14918 Smoke131 the Covert (level 11, -6/54 HPs)
             Began as a Vampire Enchanter on Feb 18, 2023.
             Was a Priest of Makhleb.
             Mangled by a death yak (12 damage)
             ... on level 1 of the Lair of Beasts.
             The game lasted 00:50:16 (12205 turns).

Smoke131 the Covert (Vampire Enchanter)            Turns: 12205, Time: 00:50:16

Health: -6/54      AC:  6    Str:  7    XL:     11   Next: 95%
Magic:  18/18      EV: 22    Int: 18    God:    Makhleb [***...]
Gold:   1965       SH:  5    Dex: 19    Spells: 10/20 levels left

rFire   . . .      SeeInvis +    z - +3 rapier (elec)
rCold   + + .      Faith    .    (no shield)
rNeg    + + +      Spirit   .    h - +0 troll leather armour
rPois   ∞          Reflect  +    (no helmet)
rElec   .          Harm     .    (no cloak)
rCorr   .          Rampage  .    x - +1 pair of gloves
Will    +....                    (no boots)
Stlth   ++++++                   b - amulet of reflection
HPRegen 0.00/turn                i - +5 ring of evasion
MPRegen 0.16/turn                j - ring of wizardry

@: bloodless, inhibited regen
A: bloodless, fangs 3, see invisible, vampiric 2
a: Bat Form, Revivify, Renounce Religion, Minor Destruction, Lesser Servant of
Makhleb


You were on level 1 of the Lair of Beasts.
You worshipped Makhleb.
Makhleb was most pleased with you.
You visited 3 branches of the dungeon, and saw 12 of its levels.

You collected 1965 gold pieces.

Inventory:

Hand Weapons
 k - a +0 rapier
 z - a +3 rapier of electrocution (weapon)
Missiles
 w - 3 throwing nets (quivered)
Armour
 h - a +0 troll leather armour (worn)
 x - a +1 pair of gloves (worn)
Jewellery
 b - an amulet of reflection (around neck)
 d - a ring of protection from fire
 i - a +5 ring of evasion (left hand)
 j - a ring of wizardry (right hand)
 l - a +6 ring of strength
 r - a ring of ice
Wands
 m - a wand of polymorph (16)
 s - a wand of flame (26)
 t - a wand of light (9)
 u - a wand of charming (8)
 A - a wand of mindburst (13)
Scrolls
 f - 3 scrolls of teleportation
 p - 2 scrolls of magic mapping
 B - a scroll of immolation
Potions
 a - 2 potions of magic
 c - a potion of flight
 e - a potion of might
 n - 2 potions of mutation
 v - 2 potions of curing
 D - a potion of attraction
 E - a potion of haste
 F - a potion of cancellation
 G - 2 potions of lignification


   Skills:
 + Level 9.2 Short Blades
 + Level 9.3 Dodging
 - Level 10.0 Stealth
 - Level 5.0 Spellcasting
 - Level 10.0 Hexes
 + Level 4.3 Transmutations
 + Level 7.4 Ice Magic
 + Level 4.3 Earth Magic
 + Level 6.8 Invocations


You had 10 spell levels left.
You knew the following spells:

 Your Spells              Type           Power      Damage    Failure   Level
a - Ensorcelled Hibernat  Hex/Ice        70%        N/A       1%          2
b - Confusing Touch       Hex            40%        N/A       1%          3
c - Tukima's Dance        Hex            40%        N/A       1%          3
d - Passwall              Tmut/Erth      16%        N/A       1%          2

Your spell library contained the following spells:

 Spells                   Type           Power      Damage    Failure   Level
 Dazzling Flash           Conj/Hex       44%        N/A       3%          3
 Portal Projectile        Hex/Tloc       44%        N/A       3%          3
 Summon Guardian Golem    Hex/Summ       22%        N/A       3%          3
 Leda's Liquefaction      Hex/Erth       15%        N/A       4%          4
 Call Canine Familiar     Summ           4%         N/A       24%         3
 Swiftness                Air            4%         N/A       24%         3
 Orb of Destruction       Conj           2%         9d5       100%        7
 Spellforged Servitor     Conj/Summ      2%         N/A       100%        7


Dungeon Overview and Level Annotations

Branches:
Dungeon (10/15)            Temple (1/1) D:5            Lair (1/5) D:8
    Orc (0/2) D:10

Altars:
Ashenzari
Fedhas
Gozag
Hepliaklqana
Kikubaaqudgha
Makhleb
Nemelex Xobeh
Ru
Uskayaw
Wu Jian
Xom
Yredelemnul

Annotations:
D:10 3 runed translucent doors, BigDaddyOpFi's ghost, novice DgFi


Innate Abilities, Weirdness & Mutations

You do not regenerate when monsters are visible.
You are frail without blood (-20% HP).
You can heal yourself when you bite living creatures.
You are immune to poison.
You have razor-sharp teeth.
You have supernaturally acute eyesight. (SInv)
You are afflicted with vampirism and can become a bat while bloodless.


Message History

You finish putting on your amulet of reflection.
You feel a shielding aura gather around you.
b - an amulet of reflection (around neck)
Found a morningstar.
You see here a ring of see invisible.
Found a robe.
The helpless Nergalle fails to defend herself.
You bite Nergalle, and draw her blood!
You stick Nergalle like a pincushion!!!!
Lightning courses through Nergalle!
You kill Nergalle!
Makhleb accepts your kill.
G - 2 potions of lignification (gained 1)
Things that are here:
a +2 dagger of flaming; a +0 robe You enter the shallow water.
Moving in this stuff is going to be slow.
You now have 1965 gold pieces (gained 18).
A death yak comes into view.
Found a plate armour.
The helpless death yak fails to defend itself.
You bite the death yak, and draw its blood!
You skewer the death yak like a kebab!!!!
You kill the death yak!
Makhleb accepts your kill.
The death yak bellows! x2
The death yak attacks as you move away! The death yak gores you!!
As you read the scroll of fear, it crumbles to dust.
You assume a fearsome visage.
The death yak resists with almost no effort.
The death yak easily resists.
The death yak completely misses you. The death yak attacks as you move away!
The death yak gores you! The death yak attacks as you move away!
The death yak gores you!
* * * LOW HITPOINT WARNING * * *
The death yak attacks as you move away! The death yak misses you.
The death yak attacks as you move away!
The death yak gores you but does no damage.
The death yak attacks as you move away! The death yak misses you.
The death yak attacks as you move away! The death yak gores you!
You die...

##..........###
##............#
#.÷...........#
##............##
###...<#...P##...#
###......#..#####..##
#............######.#
##....Y......##......
##.@Y###.##....~~~~~
#.### ####...~~≈≈≈≈
#.# ##..≈~≈≈≈≈ #.#
#.~≈≈≈≈≈≈ #.##
##.≈≈≈≈≈≈≈ #..##
#...~~~~≈~ #...#
###.~~..>. ##..##
##...... ##..##
#..#P...


You could see 2 death yaks.

Vanquished Creatures
  2 two-headed ogres
  Erica (D:8)
  A death yak (Lair:1)
  Nergalle (Lair:1)
  Pikel (D:7)
  A deep elf pyromancer (D:7)
  An ugly thing (D:9)
  A cyclops (D:7)
  Joseph (D:8)
  A cane toad (Lair:1)
  A gargoyle (D:7)
  Psyche (D:8)
  An unseen horror (D:7)
  2 trolls (D:10)
  Grinder (D:4)
  Prince Ribbit (D:8)
  2 slime creatures (D:7)
  2 wraiths
  4 steam dragons
  14 yaks
  2 acid dragons
  4 water moccasins
  5 orc warriors
  3 ice beasts
  2 black bears (D:8)
  6 sky beasts
  An ogre (D:6)
  2 centaurs
  4 lemures
  A kobold brigand (D:7)
  2 phantoms
  2 gnoll sergeants
  5 bullfrogs
  2 necrophages
  8 scorpions
  8 wights
  2 killer bees
  5 hounds
  A jelly (D:7)
  3 orc priests
  4 iguanas
  12 orc wizards
  14 gnolls
  3 adders
  3 white imps
  A dart slug (D:2)
  28 orcs
  5 ball pythons
  7 endoplasms
  A giant cockroach (D:2)
  3 hobgoblins
  8 kobolds
  4 quokkas
  2 bats
  3 frilled lizards
  6 goblins
  3 rats
215 creatures vanquished.

Vanquished Creatures (others)
  An orc (D:3)
  4 fungi (D:8)
  7 plants
12 creatures vanquished.

Grand Total: 227 creatures vanquished

Notes
Turn   | Place    | Note
-------+----------+-------------------------------------------
     0 | D:1      | Smoke131 the Vampire Enchanter began the quest for the Orb.
     0 | D:1      | Reached XP level 1. HP: 13/13 MP: 3/3
   250 | D:1      | Reached XP level 2. HP: 15/15 MP: 5/5
   473 | D:1      | Learned a level 2 spell: Ensorcelled Hibernation
   654 | D:2      | Gained mutation: You are afflicted with vampirism and can
                  | become a bat while bloodless. [Vampire growth]
   654 | D:2      | Reached XP level 3. HP: 19/19 MP: 3/6
   898 | D:2      | Reached skill level 5 in Stealth
  1160 | D:3      | Noticed a phantom
  1177 | D:3      | Killed a phantom
  1178 | D:3      | Reached skill level 5 in Hexes
  1178 | D:3      | Reached XP level 4. HP: 22/24 MP: 6/8
  1183 | D:3      | Learned a level 3 spell: Confusing Touch
  1187 | D:3      | Learned a level 3 spell: Tukima's Dance
  1522 | D:3      | Reached XP level 5. HP: 28/28 MP: 6/9
  1758 | D:3      | Noticed a sky beast
  1762 | D:3      | Killed a sky beast
  2094 | D:4      | Identified a scroll of acquirement
  2094 | D:4      | Acquired 1186 gold pieces
  2239 | D:4      | Found an ancient bone altar of Kikubaaqudgha.
  2315 | D:4      | Noticed a phantom
  2365 | D:4      | Killed a phantom
  2366 | D:4      | Reached XP level 6. HP: 32/32 MP: 7/10
  2411 | D:4      | Found a sacrificial altar of Ru.
  2815 | D:4      | You fall into a shaft and drop 3 floors!
  2830 | D:7      | Learned a level 2 spell: Passwall
  2911 | D:6      | Noticed a steam dragon
  2945 | D:5      | Entered Level 5 of the Dungeon
  3126 | D:5      | Reached XP level 7. HP: 36/36 MP: 12/12
  3428 | D:4      | Noticed Grinder
  3434 | D:4      | Paralysed by Grinder for 4 turns
  3701 | D:4      | Paralysed by Grinder for 5 turns
  3710 | D:4      | Killed Grinder
  3996 | D:5      | Found a broken altar of Ashenzari.
  4374 | D:5      | Found a staircase to the Ecumenical Temple.
  4380 | Temple   | Entered the Ecumenical Temple
  4385 | Temple   | Became a worshipper of Makhleb the Destroyer
  4520 | D:6      | Reached skill level 1 in Transmutations
  4586 | D:6      | Reached skill level 1 in Ice Magic
  4730 | D:5      | Reached skill level 1 in Earth Magic
  4730 | D:5      | Reached XP level 8. HP: 41/41 MP: 11/14
  4850 | D:6      | Reached skill level 1 in Invocations
  5204 | D:6      | Identified the +0 ring mail of Hiepirir {Rampage Stlth+}
  5286 | D:6      | Reached skill level 5 in Dodging
  5531 | D:6      | Reached * piety under Makhleb
  5535 | D:6      | Reached skill level 5 in Short Blades
  5844 | D:7      | Reached XP level 9. HP: 39/45 MP: 11/15
  5985 | D:7      | Found an opulent altar of Gozag.
  5985 | D:7      | Found a sparkling altar of Nemelex Xobeh.
  6131 | D:7      | Noticed a cyclops
  6333 | D:7      | Reached skill level 5 in Spellcasting
  6336 | D:7      | Noticed a deep elf pyromancer
  6347 | D:7      | Killed a deep elf pyromancer
  6498 | D:7      | Reached ** piety under Makhleb
  6535 | D:7      | Reached XP level 10. HP: 47/50 MP: 8/17
  7035 | D:7      | Killed a cyclops
  7036 | D:7      | Reached skill level 10 in Stealth
  7234 | D:7      | Noticed a gargoyle
  7235 | D:7      | Killed a gargoyle
  7479 | D:7      | Noticed Pikel
  7633 | D:7      | Killed Pikel
  7634 | D:7      | Reached skill level 10 in Hexes
  7803 | D:7      | Found an ornate altar of the Wu Jian Council.
  7809 | D:7      | Reached skill level 5 in Ice Magic
  7956 | D:8      | Noticed Prince Ribbit
  7957 | D:8      | Found a basalt altar of Yredelemnul.
  7992 | D:8      | Killed Prince Ribbit
  8265 | D:8      | Noticed Psyche
  8288 | D:8      | Killed Psyche
  8408 | D:8      | Reached skill level 5 in Invocations
  8503 | D:8      | Noticed Erica
  8850 | D:8      | Noticed Joseph
  8933 | D:8      | Killed Joseph
  8934 | D:8      | Reached XP level 11. HP: 27/54 MP: 14/18
  9347 | D:8      | Killed Erica
  9402 | D:8      | Found a staircase to the Lair.
  9568 | D:9      | Noticed a two-headed ogre
  9582 | D:9      | Killed a two-headed ogre
  9737 | D:9      | Noticed a cyan ugly thing
  9750 | D:9      | Killed a cyan ugly thing
  9864 | D:9      | Reached *** piety under Makhleb
 10304 | D:10     | Entered Level 10 of the Dungeon
 10460 | D:10     | Noticed BigDaddyOpFi's ghost (novice DgFi)
 10461 | D:10     | Found a runed translucent gate.
 10461 | D:10     | Found a runed translucent gate.
 10461 | D:10     | Found a runed translucent gate.
 10827 | D:10     | Noticed a two-headed ogre
 10829 | D:10     | Found a staircase to the Orcish Mines.
 10834 | D:10     | Killed a two-headed ogre
 11983 | Lair:1   | Entered Level 1 of the Lair of Beasts
 12008 | Lair:1   | Noticed Nergalle
 12057 | Lair:1   | Noticed a death yak
 12057 | Lair:1   | Noticed a death yak
 12158 | Lair:1   | Killed Nergalle
 12181 | Lair:1   | Noticed a death yak
 12183 | Lair:1   | Killed a death yak
 12205 | Lair:1   | Mangled by a death yak

Illustrated notes

Levels and vault maps discovered:
D:1:      doesnt_arrival_eight_statues, layout_rooms
D:2:      layout_basic
D:3:      layout_basic, grunt_decor_clamped
D:4:      layout_loops_corners, nicolae_kikubaaqudgha_miasma_corner,
          mainiacjoe_overflow_catwalk_spiral,
          lightli_ossuary_entry_decrepit_ruins, grunt_ministairs_11,
          uniq_grinder
D:5:      layout_basic, mainiacjoe_overflow_surrounded_room,
          minmay_temple_entry_enclosed_plants, minmay_splitting_lines
D:6:      layout_loops_corners, minmay_small_thing
D:7:      minmay_the_grid_octo_2x2 [minmay_the_grid_octo_vomiting_pacman,
          minmay_the_grid_octo_thin_diamonds, minmay_the_grid_octo_clover_2,
          minmay_the_grid_octo_prize_single_spiral], layout_basic,
          grunt_temple_overflow_opulence, nicolae_wu_jian_immortal_techniques,
          uniq_pikel
D:8:      layout_loops_corners, mainiacjoe_overflow_alcove_2,
          grunt_lair_entry_orc_guard_hut, uniq_erica, uniq_prince_ribbit1,
          uniq_psyche, uniq_joseph
D:9:      layout_roguey
D:10:     layout_cave_pods, orc_0_dummy, gammafunk_ghost_spectres,
          hangedman_misty_isle
Temple:   nicolae_temple_bog_church
Lair:1:   layout_layer_cave, serial_bayou_shore_b, infiniplex_staircase_pool,
          lemuel_fruit_tree, uniq_nergalle, uniq_amaemon

Skill      XL: |  1  2  3  4  5  6  7  8  9 10 11 |
---------------+----------------------------------+-----
Stealth        | 5 6 7 8 9 10 | 10.0
Short Blades   | 2 3 4 5 6 7 9 |  9.2
Dodging        | 3 4 5 6 7 9 |  9.3
Hexes          | 5 6 7 9 10 | 10.0
Spellcasting   | 3 4 5 |  5.0
Transmutations | 1 2 3 4 |  4.3
Ice Magic      | 1 2 3 5 7 |  7.4
Earth Magic    | 1 2 3 4 |  4.3
Invocations    | 2 3 5 6 |  6.8

Action                     |  1- 3 |  4- 6 |  7- 9 | 10-12 || total
---------------------------+-------+-------+-------+-------++-------
  Melee: Dagger            |    61 |    50 |   208 |    66 ||   385
         Bite              |     5 |     2 |    18 |    19 ||    44
         Punch             |       |     1 |     3 |     1 ||     5
         Rapier            |       |       |       |   131 ||   131
   Cast: Ensorcelled Hiber |     1 |    12 |    53 |   106 ||   172
         Confusing Touch   |       |     1 |    10 |    11 ||    22
         Passwall          |       |       |       |     1 ||     1
Ability: Exsanguinate      |     1 |       |       |       ||     1
  Evoke: Wand              |       |       |     2 |    10 ||    12
    Use: Potion            |     1 |     1 |     2 |     4 ||     8
         Scroll            |       |     6 |    10 |    13 ||    29
   Stab: Sleeping          |    12 |    17 |    49 |    66 ||   144
         Invisible         |     2 |       |       |       ||     2
         Confused          |       |     1 |     8 |     5 ||    14
         Distracted        |       |       |     1 |       ||     1
 Armour: Robe              |     8 |     1 |     5 |    10 ||    24
         Troll leather arm |       |       |       |     6 ||     6
  Dodge: Dodged            |    44 |    49 |   151 |   170 ||   414

Table legend: (Time is in decaauts)
 A = Elapsed time spent in this place.
 B = Non-inter-level travel time spent in this place.
 C = Inter-level travel time spent in this place.
 D = Time resting spent in this place.
 E = Time spent auto-exploring this place.
 F = Levels seen in this place.
 G = Mean time per level.
                   A        B        C        D        E       F      G
               +--------+--------+--------+--------+--------+-----+--------+
         Total |  12120 |  11729 |    391 |   1485 |   6623 |  12 | 1010.0 |
       Dungeon |  11888 |  11497 |    391 |   1485 |   6614 |  10 | 1188.8 |
        Temple |     10 |     10 |      0 |      0 |      1 |   1 |   10.0 |
          Lair |    221 |    221 |      0 |      0 |      8 |   1 |  221.0 |
               +--------+--------+--------+--------+--------+-----+--------+

Top non-repeatable levels by time:
     D:7: 2253 daAuts
     D:8: 1601 daAuts
    D:10: 1321 daAuts
     D:3: 1288 daAuts
     D:6: 1224 daAuts
     D:4: 1153 daAuts
     D:9: 999 daAuts
     D:5: 949 daAuts
     D:2: 551 daAuts
     D:1: 543 daAuts
  Lair:1: 221 daAuts
  Temple: 10 daAuts
